NCAA
ALABAMA CRIMSON TIDE @ MIAMI HURRICANES
04/28/2030
 
TOP OF THE 1ST
Alabama Crimson Tide batting - Pitching for Miami Hurricanes : LHP Josh Johnston
Pitching: LHP Josh Johnston
Batting: LHB Tom York 0-0: Ball
1-0: SINGLE (Line Drive, 9S)
Batting: RHB Oscar Trent 0-0: Ball
1-0: Ball
2-0: Called Strike
2-1: Foul Ball, location: 2F
2-2: Strikes out swinging
Batting: LHB Tracy Becker 0-0: Ball
1-0: Ball
2-0: Ball
3-0: Called Strike
3-1: Base on Balls
Tom York to second
Batting: RHB Shannon Watson 0-0: Ball
Tom York steals 3rd base
1-0: Fly out, F9 (Flyball, 89M)
Runner from 3rd tags up, SCORES, no throw
Batting: RHB Rafael Vargo 0-0: Ball
1-0: Fly out, F8 (Line Drive, 8RD)
Top of the 1st over - 1 run, 1 hit, 0 errors, 1 left on base; Alabama 1 - Miami 0
BOTTOM OF THE 1ST
Miami Hurricanes batting - Pitching for Alabama Crimson Tide : RHP Dave Roberson
Pitching: RHP Dave Roberson
Batting: LHB Joe Joyce 0-0: Ground out 4-3 (Groundball, 4M)
Batting: LHB José Méndez 0-0: Fly out, F8 (Flyball, 8RD)
Batting: RHB Joe Wild 0-0: Foul Ball, location: 2F
0-1: Swinging Strike
0-2: Foul Ball, location: 2F
0-2: Ball
1-2: Ball
2-2: Ball
3-2: Strikes out looking
Bottom of the 1st over - 0 runs, 0 hits, 0 errors, 0 left on base; Alabama 1 - Miami 0
TOP OF THE 2ND
Alabama Crimson Tide batting - Pitching for Miami Hurricanes : LHP Josh Johnston
Batting: RHB Mike Irvin 0-0: Ball
1-0: Called Strike
1-1: Swinging Strike
1-2: Ball
2-2: Foul Ball, location: 2F
2-2: Ball
3-2: SINGLE (Groundball, 34D)
Batting: RHB Chris Bass 0-0: Swinging Strike
0-1: Ball
1-1: Ball
2-1: Foul Ball, location: 2F
2-2: Strikes out swinging
Batting: RHB Len Valadez 0-0: SINGLE (Line Drive, 34)
Mike Irvin to second
Runner from 2nd tries for 3rd, SAFE, no throw
Batting: RHB John Martin 0-0: Ball
1-0: Ball
Wild Pitch!
Mike Irvin scores
Len Valadez to second
2-0: Ball
3-0: Base on Balls
Batting: LHB Tom York 0-0: Called Strike
0-1: Ball
1-1: Foul Ball, location: 2F
1-2: Strikes out looking
Batting: RHB Oscar Trent 0-0: Called Strike
0-1: Foul Ball, location: 2F
0-2: Ball
1-2: Foul Ball, location: 2F
1-2: Foul Ball, location: 2F
1-2: Ball
2-2: Fly out, F7 (Flyball, 7)
Top of the 2nd over - 1 run, 2 hits, 0 errors, 2 left on base; Alabama 2 - Miami 0
BOTTOM OF THE 2ND
Miami Hurricanes batting - Pitching for Alabama Crimson Tide : RHP Dave Roberson
Batting: RHB Eric Hawkins 0-0: Called Strike
0-1: Foul Ball, location: 2F
0-2: Ball
1-2: Strikes out swinging
Batting: SHB Roy Johnston 0-0: SINGLE (Groundball, 5S) (infield hit)
Batting: RHB Thad Hunter 0-0: Grounds into double play, 5-4-3 (Groundball, 56)
Bottom of the 2nd over - 0 runs, 1 hit, 0 errors, 0 left on base; Alabama 2 - Miami 0
TOP OF THE 3RD
Alabama Crimson Tide batting - Pitching for Miami Hurricanes : LHP Josh Johnston
Batting: LHB Tracy Becker 0-0: Ball
1-0: Ball
2-0: SINGLE (Line Drive, 7S)
Batting: RHB Shannon Watson 0-0: Ball
1-0: Called Strike
1-1: Ball
2-1: Ball
3-1: Base on Balls
Tracy Becker to second
Batting: RHB Rafael Vargo 0-0: Called Strike
0-1: SINGLE (Flyball, 7LM)
Tracy Becker to third
Shannon Watson to second
Runner from 3rd tries for Home, SAFE, no throw
Batting: RHB Mike Irvin 0-0: Called Strike
0-1: Fielders Choice at 2nd, 4-6 (Groundball, 4)
Shannon Watson to third
Batting: RHB Chris Bass 0-0: Foul Ball, location: 2F
0-1: Ball
1-1: Ball
2-1: Swinging Strike
2-2: Foul Ball, location: 2F
2-2: Foul Ball, location: 2F
2-2: Foul Ball, location: 2F
2-2: Ball
3-2: Ground out 5-3 (Groundball, 56S)
Shannon Watson scores
Mike Irvin to second
Batting: RHB Len Valadez 0-0: Called Strike
0-1: Fly out, F7 (Flyball, 7S)
Top of the 3rd over - 2 runs, 2 hits, 0 errors, 1 left on base; Alabama 4 - Miami 0
BOTTOM OF THE 3RD
Miami Hurricanes batting - Pitching for Alabama Crimson Tide : RHP Dave Roberson
Batting: LHB Walton Arnold 0-0: Ball
1-0: Fly out, F7 (Flyball, 7D)
Batting: RHB Michael O'Gill 0-0: Foul Ball, location: 2F
0-1: Swinging Strike
0-2: Foul Ball, location: 2F
0-2: Ball
1-2: Foul Ball, location: 2F
1-2: Ball
2-2: Fly out, F8 (Flyball, 8LD)
Batting: RHB Jim Suárez 0-0: Ball
1-0: Ball
2-0: Ground out 1-3 (Groundball, 13)
Bottom of the 3rd over - 0 runs, 0 hits, 0 errors, 0 left on base; Alabama 4 - Miami 0
TOP OF THE 4TH
Alabama Crimson Tide batting - Pitching for Miami Hurricanes : LHP Josh Johnston
Batting: RHB John Martin 0-0: Swinging Strike
0-1: Foul Ball, location: 2F
0-2: Ball
1-2: Strikes out swinging
Batting: LHB Tom York 0-0: Called Strike
0-1: DOUBLE (Line Drive, 89D)
Batting: RHB Oscar Trent 0-0: Ball
1-0: Ball
Tom York steals 3rd base
2-0: Called Strike
2-1: Ground out 5-3 (Groundball, 56S)
Tom York scores
Batting: LHB Tracy Becker 0-0: DOUBLE (Line Drive, 7LM)
Batting: RHB Shannon Watson 0-0: Ball
1-0: Ball
2-0: Ball
3-0: Base on Balls
Pitching: RHP Sam Livingston
Batting: RHB Rafael Vargo 0-0: Ball
1-0: Called Strike
1-1: Ball
2-1: Called Strike
2-2: Fly out, F8 (Flyball, 8RS)
Top of the 4th over - 1 run, 2 hits, 0 errors, 2 left on base; Alabama 5 - Miami 0
BOTTOM OF THE 4TH
Miami Hurricanes batting - Pitching for Alabama Crimson Tide : RHP Dave Roberson
Batting: LHB Joe Joyce 0-0: Ball
1-0: Fly out, F7 (Flyball, 7)
Batting: LHB José Méndez 0-0: Called Strike
0-1: Ball
1-1: Ball
2-1: Ball
3-1: Ground out 4-3 (Groundball, 4MS)
Batting: RHB Joe Wild 0-0: Called Strike
0-1: Called Strike
0-2: Strikes out swinging
Bottom of the 4th over - 0 runs, 0 hits, 0 errors, 0 left on base; Alabama 5 - Miami 0
TOP OF THE 5TH
Alabama Crimson Tide batting - Pitching for Miami Hurricanes : RHP Sam Livingston
Batting: RHB Mike Irvin 0-0: Called Strike
0-1: Ball
1-1: Called Strike
1-2: SINGLE (Line Drive, 6M)
Batting: RHB Chris Bass 0-0: Ball
1-0: Ball
2-0: Hit by Pitch
Mike Irvin to second
Batting: RHB Len Valadez 0-0: Called Strike
0-1: Ball
1-1: Ball
2-1: Foul Ball, location: 2F
2-2: Foul Ball, location: 2F
2-2: Ball
3-2: Foul Ball, location: 2F
3-2: Base on Balls
Mike Irvin to third
Chris Bass to second
Batting: RHB John Martin 0-0: Called Strike
0-1: Swinging Strike
0-2: Foul Ball, location: 2F
0-2: Strikes out swinging
Batting: LHB Tom York 0-0: Ball
1-0: Ball
2-0: TRIPLE (Flyball, 8LXD)
Mike Irvin scores
Chris Bass scores
Len Valadez scores
Batting: RHB Oscar Trent 0-0: SINGLE (Line Drive, 56D)
Tom York scores
Batting: LHB Tracy Becker 0-0: Ball
1-0: Called Strike
1-1: Called Strike
Oscar Trent steals 2nd base
1-2: Fly out, F9 (Flyball, 9S)
Batting: RHB Shannon Watson 0-0: Called Strike
0-1: Called Strike
0-2: Ball
1-2: Ball
Wild Pitch!
Oscar Trent to third
2-2: Foul Ball, location: 2F
2-2: Ball
3-2: Foul Ball, location: 2F
3-2: Foul Ball, location: 2F
3-2: Base on Balls
Batting: RHB Rafael Vargo 0-0: Called Strike
0-1: SINGLE (Groundball, 56D)
Oscar Trent scores
Shannon Watson to second
Batting: RHB Mike Irvin 0-0: Ball
1-0: Ball
2-0: Ball
3-0: Swinging Strike
3-1: Swinging Strike
3-2: Foul Ball, location: 2F
3-2: Foul Ball, location: 2F
3-2: Base on Balls
Shannon Watson to third
Rafael Vargo to second
Batting: RHB Chris Bass 0-0: Called Strike
0-1: Swinging Strike
0-2: Ball
1-2: Ball
2-2: Fly out, F5 (Popup, 5SF)
Top of the 5th over - 5 runs, 4 hits, 0 errors, 3 left on base; Alabama 10 - Miami 0
BOTTOM OF THE 5TH
Miami Hurricanes batting - Pitching for Alabama Crimson Tide : RHP Dave Roberson
Batting: RHB Eric Hawkins 0-0: Ball
1-0: Called Strike
1-1: Called Strike
1-2: Strikes out looking
Batting: SHB Roy Johnston 0-0: Called Strike
0-1: Ground out 6-3 (Groundball, 6S)
Batting: RHB Thad Hunter 0-0: Ball
1-0: Ball
2-0: Foul Ball, location: 2F
2-1: Foul Ball, location: 2F
2-2: Strikes out looking
Bottom of the 5th over - 0 runs, 0 hits, 0 errors, 0 left on base; Alabama 10 - Miami 0
TOP OF THE 6TH
Alabama Crimson Tide batting - Pitching for Miami Hurricanes : RHP Sam Livingston
Batting: RHB Len Valadez 0-0: Foul Ball, location: 2F
0-1: Ball
1-1: Swinging Strike
1-2: Foul Ball, location: 2F
1-2: Ball
2-2: Strikes out looking
Batting: RHB John Martin 0-0: Ball
1-0: Ball
2-0: Ground out 5-3 (Groundball, 56)
Batting: LHB Tom York 0-0: Called Strike
0-1: Ball
1-1: Foul Ball, location: 2F
1-2: Ball
2-2: SINGLE (Line Drive, 34D)
Batting: RHB Oscar Trent 0-0: Called Strike
Tom York is caught stealing 2nd base
Top of the 6th over - 0 runs, 1 hit, 0 errors, 0 left on base; Alabama 10 - Miami 0
BOTTOM OF THE 6TH
Miami Hurricanes batting - Pitching for Alabama Crimson Tide : RHP Dave Roberson
Batting: LHB Walton Arnold 0-0: Called Strike
0-1: Called Strike
0-2: Ball
1-2: Ball
2-2: Foul Ball, location: 2F
2-2: Foul Ball, location: 2F
2-2: Strikes out swinging
Batting: RHB Michael O'Gill 0-0: Foul Ball, location: 2F
0-1: Foul Ball, location: 2F
0-2: SINGLE (Line Drive, 7LS)
Pinch Hitting: RHB Mike Lewis 0-0: Swinging Strike
0-1: Ball
1-1: Ball
2-1: Called Strike
2-2: Strikes out looking
Batting: LHB Joe Joyce 0-0: Ball
1-0: Fly out, F9 (Flyball, 9)
Bottom of the 6th over - 0 runs, 1 hit, 0 errors, 1 left on base; Alabama 10 - Miami 0
TOP OF THE 7TH
Alabama Crimson Tide batting - Pitching for Miami Hurricanes : RHP Sam Livingston
Now at 2B: A.C. Carlson
Batting: RHB Oscar Trent 0-0: Ball
1-0: Fly out, F6 (Line Drive, 6)
Pitching: RHP Thomas Evans
Batting: LHB Tracy Becker 0-0: Ground out 6-3 (Groundball, 6)
Batting: RHB Shannon Watson 0-0: Ball
1-0: Ball
2-0: Ball
3-0: Called Strike
3-1: DOUBLE (Line Drive, 3D)
Batting: RHB Rafael Vargo 0-0: Swinging Strike
0-1: Hit by Pitch
Batting: RHB Mike Irvin 0-0: Ground out U3 (Groundball, 34)
Top of the 7th over - 0 runs, 1 hit, 0 errors, 2 left on base; Alabama 10 - Miami 0
BOTTOM OF THE 7TH
Miami Hurricanes batting - Pitching for Alabama Crimson Tide : RHP Dave Roberson
Batting: LHB José Méndez 0-0: Ball
1-0: Ball
2-0: Foul Ball, location: 2F
2-1: Foul Ball, location: 2F
2-2: Strikes out swinging
Batting: RHB Joe Wild 0-0: Foul Ball, location: 2F
0-1: Swinging Strike
0-2: Ball
1-2: Ball
2-2: Strikes out looking
Batting: RHB Eric Hawkins 0-0: Ball
1-0: Foul Ball, location: 2F
1-1: Swinging Strike
1-2: DOUBLE (Line Drive, 89M)
Batting: SHB Roy Johnston 0-0: Called Strike
0-1: Ball
1-1: Ball
Wild Pitch!
Eric Hawkins to third
2-1: SINGLE (Line Drive, 7S)
Eric Hawkins scores
Pitching: RHP François LeDoux
Batting: RHB Thad Hunter 0-0: Ball
1-0: Ball
Wild Pitch!
Roy Johnston to second
2-0: Called Strike
2-1: Ground out 6-3 (Groundball, 6)
Bottom of the 7th over - 1 run, 2 hits, 0 errors, 1 left on base; Alabama 10 - Miami 1
TOP OF THE 8TH
Alabama Crimson Tide batting - Pitching for Miami Hurricanes : RHP Thomas Evans
Batting: RHB Chris Bass 0-0: Foul Ball, location: 2F
0-1: Ball
1-1: Ball
2-1: Foul Ball, location: 2F
2-2: Strikes out swinging
Batting: RHB Len Valadez 0-0: Ball
1-0: Swinging Strike
1-1: Foul Ball, location: 2F
1-2: Foul Ball, location: 2F
1-2: Ball
2-2: Foul Ball, location: 2F
2-2: Ball
3-2: SOLO HOME RUN (Flyball, 7LD), Distance : 322 ft
Batting: RHB John Martin 0-0: Ball
1-0: Ball
2-0: Ball
3-0: Called Strike
3-1: Base on Balls
Batting: LHB Tom York 0-0: Swinging Strike
0-1: Ball
1-1: Ball
2-1: Called Strike
2-2: SINGLE (Flyball, 9LS)
John Martin to second
Runner from 2nd tries for 3rd, SAFE, no throw
Batting: RHB Oscar Trent 0-0: Foul Ball, location: 2F
0-1: Swinging Strike
0-2: Strikes out swinging
Batting: LHB Tracy Becker 0-0: Foul Ball, location: 2F
0-1: Ball
1-1: Foul Ball, location: 2F
1-2: Ball
2-2: Strikes out swinging, 2-3 out at first.
Top of the 8th over - 1 run, 2 hits, 0 errors, 2 left on base; Alabama 11 - Miami 1
BOTTOM OF THE 8TH
Miami Hurricanes batting - Pitching for Alabama Crimson Tide : RHP François LeDoux
Now at 1B: Paco Molina
Batting: LHB Walton Arnold 0-0: Called Strike
0-1: SOLO HOME RUN (Flyball, 9D), Distance : 371 ft
Batting: RHB Michael O'Gill 0-0: Ball
1-0: Foul Ball, location: 2F
1-1: Foul Ball, location: 2F
1-2: Ground out 5-3 (Groundball, 56)
Batting: RHB A.C. Carlson 0-0: Ball
1-0: Ball
2-0: Foul Ball, location: 2F
2-1: Foul Ball, location: 2F
2-2: Foul Ball, location: 2F
2-2: Strikes out swinging
Batting: LHB Joe Joyce 0-0: Called Strike
0-1: SINGLE (Line Drive, 9LM)
Batting: LHB José Méndez 0-0: Ball
1-0: Ball
2-0: Swinging Strike
2-1: Ball
3-1: Base on Balls
Joe Joyce to second
Batting: RHB Joe Wild 0-0: Called Strike
0-1: Swinging Strike
0-2: Ball
1-2: Ball
2-2: Fly out, F8 (Flyball, 8RXD)
Bottom of the 8th over - 1 run, 2 hits, 0 errors, 2 left on base; Alabama 11 - Miami 2
TOP OF THE 9TH
Alabama Crimson Tide batting - Pitching for Miami Hurricanes : RHP Thomas Evans
Batting: RHB Shannon Watson 0-0: Called Strike
0-1: Fly out, F4 (Popup, 34D)
Batting: RHB Rafael Vargo 0-0: Ball
1-0: Foul Ball, location: 2F
1-1: Called Strike
1-2: Ball
2-2: Ball
3-2: Base on Balls
Batting: RHB Mike Irvin 0-0: Foul Ball, location: 2F
0-1: Ball
1-1: Ball
2-1: Foul Ball, location: 2F
2-2: Ball
3-2: SINGLE (Groundball, 6D)
Rafael Vargo to second
Batting: RHB Chris Bass 0-0: Ball
1-0: DOUBLE (Groundball, 5L)
Rafael Vargo scores
Mike Irvin to third
Batting: RHB Len Valadez 0-0: Called Strike
0-1: Fly out, F7 (Flyball, 7S)
Batting: RHB Paco Molina 0-0: Ball
1-0: Ball
2-0: Swinging Strike
2-1: Ball
3-1: Ground out 4-3 (Groundball, 4)
Top of the 9th over - 1 run, 2 hits, 0 errors, 2 left on base; Alabama 12 - Miami 2
BOTTOM OF THE 9TH
Miami Hurricanes batting - Pitching for Alabama Crimson Tide : RHP François LeDoux
Now at C: Wayne Coleman
Batting: RHB Eric Hawkins 0-0: Ground out U3 (Groundball, 3)
Batting: SHB Roy Johnston 0-0: Ball
1-0: Ball
2-0: Foul Ball, location: 2F
2-1: Ground out U3 (Groundball, 3L)
Batting: RHB Thad Hunter 0-0: Ball
1-0: Fly out, F7 (Flyball, 7S)
Bottom of the 9th over - 0 runs, 0 hits, 0 errors, 0 left on base; Alabama 12 - Miami 2
Saturday, April 7th, 2018 - OOTP Baseball 18.8 Build 76